badnik, neutral female gnomish Archeologist ----------------------- ------------------------- |....................... ........................| |....................... ..............%.........| |...Z................... ........................| |..Z.................Z.. ........................| |...Z................... i ..........@.............| |....Z................!...?......a....Y....................a.a...Z........| | B @ ......Y..................h.. ... i | ...................b..p.i... n @ ......................<..... ...............................r...............[.........u.....Y......... |......................^ u ......Y........*........| |...............>....... ........................| |..."................... ........................| |....................... o ........................| |..........G....k....... ........................| |...........?........... ...................j....| ----------------------- ------------------------- badnik the Digger Experience level: 1 Strength: 15 Dexterity: 9 Constitution: 11 Intelligence: 12 Wisdom: 17 Charisma: 11 Health: 0(12) Energy: 3(3) Def: 1 Gold: 0 Moves: 302 Dungeon seed: -5wkV2ICyirvgFHr Game ID: badnik_1498648387 Your Inventory: Weapons a - a +2 bullwhip Armor e - an uncursed +0 leather jacket (being worn) n - an uncursed +0 fedora (being worn) Comestibles b - 3 uncursed food rations Tools c - a +0 pick-axe (weapon in hand) d - a tinning kit (0:64) f - an uncursed sack Gems q - an uncursed touchstone Spells and supernatural/magical abilities: Name Level Category Fail Memory W - pray for help -- divine ? -- Your skills at the end: Fighting Skills Weapon Skills pick-axe [Basic] whip [Basic] Spellcasting Skills Final Attributes: You were fervently aligned. You had infravision. You were stealthy. You were fast. You are dead. Vanquished creatures: a fox Voluntary challenges: You went without food. You were an atheist. You used a wielded weapon 1 time, starting on turn 2. You were a pacifist. You were illiterate. You never genocided any monsters. You never polymorphed an object. You never changed form. You used no wishes. You never split a pudding. You never wrote Elbereth's name. You never violated your personal moral code. Dungeon overview: The Dungeons of Doom: levels 1 to 12 Level 1 an altar to Quetzalcoatl, a fountain a long staircase Level 2 Level 3 Level 4 Level 5 Level 6 Level 7 Level 8 Level 9 Level 10 a fountain Level 11 a fountain Level 12 <- You were here History has recorded: On T:1 you entered the Dungeons of Doom to retrieve the Amulet of Yendor! On T:26 you reached level 2 of The Dungeons of Doom. On T:48 you reached level 3 of The Dungeons of Doom. On T:69 you reached level 4 of The Dungeons of Doom. On T:109 you reached level 5 of The Dungeons of Doom. On T:141 you reached level 6 of The Dungeons of Doom. On T:160 you reached level 7 of The Dungeons of Doom. On T:185 you reached level 8 of The Dungeons of Doom. On T:204 you reached level 9 of The Dungeons of Doom. On T:237 you reached level 10 of The Dungeons of Doom. On T:279 you reached level 11 of The Dungeons of Doom. On T:298 you reached level 12 of The Dungeons of Doom. Score breakdown: Gold: 0 ( 0 points) Experience: 1 level ( 0 points) Exploration: 12 levels ( 23.53%) (14071 points) Discoveries: 0 items ( 0.00%) ( 0 points) Valuables value: (no points given unless you survive) Artifact value: 0 ( 0 points) Variety of kills: 1 monster ( 0.26%) ( 1536 points) Turncount: 302 turns ( 0 points) Survival: died (score multiplied by 80%) Total score: 12485 Latest messages: You fall through... You start digging downward. You continue digging downward. (3x) You dig a pit in the floor. You continue digging downward. (8x) That command is only available in debug mode. You are still in a pit. You continue digging downward. (8x) You dig a hole through the floor. You fall through... You receive a faint telepathic message from Lord Carnarvon: Your help is urgently needed at the College of Archeology! Look for a ...ic transporter. You couldn't quite make out that last message. You start digging downward. You continue digging downward. (3x) You stop exploring. The soldier ant bites! The soldier ant stings! You die... The sack is empty. The sack is empty. Final status: Goodbye badnik the Archeologist, killed by a soldier ant... You died in The Dungeons of Doom on dungeon level 12 with 12485 points, and 0 pieces of gold, after 302 moves. You were level 1 with a maximum of 12 hit points when you died.